 Dungeon Crawl Stone Soup version 0.31-a0-627-gd65175cf8b (webtiles) character file.

Game seed: 724501705313789491

823 BritishOli the Trooper (level 7, -1/59 HPs)
             Began as a Demonspawn Fighter on Aug 25, 2023.
             Engulfed by a cloud of steam (3 damage)
             ... on level 6 of the Dungeon.
             The game lasted 00:03:02 (3566 turns).

BritishOli the Trooper (Demonspawn Fighter)         Turns: 3566, Time: 00:03:02

Health: -1/59      AC: 15    Str: 18    XL:     7   Next: 63%
Magic:  7/7        EV:  5    Int:  9    God:
Gold:   316        SH:  4    Dex: 13    Spells: 6/6 levels left

rFire   . . .        a - +0 war axe
rCold   . . .        c - +0 buckler
rNeg    . . .        r - +0 plate armour
rPois   .            (no helmet)
rElec   .            k - +0 cloak
rCorr   .            (no gloves)
SInv    +            (no boots)
Will    .....        (no amulet) Stlth
                     u - ring of see invisible
HPRegen 0.29/turn    (no ring)
MPRegen 0.10/turn

%: no passive effects
@: hasted, very quick
A: thin metallic scales 2, ignite blood 2
a: no special abilities


You were on level 6 of the Dungeon.
You visited 1 branch of the dungeon, and saw 6 of its levels.

You collected 316 gold pieces.

Inventory:

Hand Weapons
 a - a +0 war axe (weapon)
Armour
 b - a +0 scale mail
 c - a +0 buckler (worn)
 k - a +0 cloak (worn)
 r - a +0 plate armour (worn)
Jewellery
 f - a ring of resist corrosion
 h - an amulet of faith
 p - a ring of ice
 u - a ring of see invisible (left hand)
 y - an amulet of magic regeneration
Scrolls
 g - 7 scrolls of identify {unknown}
 j - 2 scrolls of fog {unknown}
 l - 2 scrolls of revelation {unknown}
 m - a scroll of immolation {unknown}
 n - 4 scrolls of enchant armour {unknown}
 o - a scroll of brand weapon {unknown}
 s - 4 scrolls of teleportation {unknown}
 v - a scroll of vulnerability {unknown}
Potions
 d - a potion of might
 e - a potion of ambrosia {unknown}
 i - a potion of haste
 q - a potion of magic {unknown}
 t - a potion of brilliance {unknown}
 w - a potion of enlightenment {unknown}
 x - a potion of lignification {unknown}
 z - a potion of curing {unknown}
 A - a potion of attraction {unknown}
 B - a potion of heal wounds {unknown}


   Skills:
 + Level 6.6 Fighting
 + Level 5.6 Axes
 - Level 3.0 Armour
 - Level 3.0 Shields


You had 6 spell levels left.
You didn't know any spells.
Your spell library contained the following spells:

 Spells                   Type           Power      Damage    Failure   Level
 Magic Dart               Conj           0%         1d3       100%        1
 Summon Small Mammal      Summ           0%         N/A       100%        1
 Poisonous Vapours        Pois/Air       0%         N/A       100%        2
 Scorch                   Fire           0%         2d5       100%        2
 Searing Ray              Conj           0%         2d4       100%        2
 Call Canine Familiar     Summ           0%         N/A       100%        3
 Mephitic Cloud           Conj/Pois/Air  0%         N/A       100%        3
 Summon Guardian Golem    Hex/Summ       0%         N/A       100%        3
 Flame Wave               Conj/Fire      0%         2d4       100%        4
 Fulminant Prism          Conj/Hex       0%         3d5       100%        4
 Freezing Cloud           Conj/Ice/Air   0%         6-21      100%        5
 Simulacrum               Ice/Necr       0%         N/A       100%        6
 Summon Cactus Giant      Summ           0%         N/A       100%        6
 Ozocubu's Refrigeration  Ice            0%         4d7       100%        7
 Polar Vortex             Ice            0%         N/A       100%        9


Dungeon Overview and Level Annotations

Branches:
Dungeon (6/15)
 Temple: D:4-7

Altars:
Wu Jian

Annotations:
D:6 Jeremiah


Innate Abilities, Weirdness & Mutations

You are mostly covered in thin metallic scales. (AC +3)
Your demonic aura often causes spilled blood to erupt in flames.


Message History

You slash the steam dragon!
The steam dragon is heavily wounded.
You hit the shadow imp. The steam dragon breathes steam at you.
The ball of steam hits you!! The shadow imp hits you.
Jeremiah throws their arms up pleadingly.
Something smites you!
* * * LOW HITPOINT WARNING * * *
You block the steam dragon's attack.
The steam dragon claws you but does no damage.
The shadow imp hits you but does no damage.
You hear a shout!
You are too injured to fight recklessly!
Unknown command.
You are too injured to fight recklessly!
You slash the steam dragon!
The steam dragon is severely wounded.
You hit the shadow imp. You hit the kobold brigand.
You are engulfed in a cloud of scalding steam.
* * * LOW HITPOINT WARNING * * *
The kobold brigand hits you but does no damage.
The butterfly is engulfed in blazing flames.
You kill the butterfly!
The butterfly disappears in a burst of colours!
The shadow imp is engulfed in a cloud of scalding steam.
The shadow imp dies!
The steam dragon is engulfed in blazing flames.
You kill the steam dragon!
The kobold brigand barely misses you.
You barely miss the kobold brigand.
The kobold brigand is lightly wounded.
You hit the kobold but do no damage.
You are engulfed in a cloud of scalding steam.
* * * LOW HITPOINT WARNING * * *
The kobold hits you but does no damage.
The kobold brigand hits you with a +0 club.
* * * LOW HITPOINT WARNING * * *
It was a potion of haste.
You feel yourself speed up.
You are engulfed in a cloud of scalding steam.
You die...

#.##.........#
##....#..##...#
##.............# #
##.......#.######
#...####..........#
#.................#
#...####..........#
.....K°.#K......#.#
.b../K).@.☼........
...b.KbK.☼........
#..b#F##b.......##
#...b. ...#.....#
#...#. ####.....
#...# ..... .. ...
.##


You could see Jeremiah, a kobold brigand and 4 kobolds.

Vanquished Creatures
  A steam dragon (D:6)
  A black bear (D:5)
  An ogre (D:5)
  2 phantoms
  A bullfrog (D:5)
  A scorpion (D:4)
  2 sleepcaps
  2 iguanas (D:5)
  Terence (D:2)
  6 adders
  A white imp (D:5)
  A worm (D:2)
  2 dart slugs (D:1)
  2 orcs (D:4)
  5 endoplasms
  2 giant cockroaches
  7 goblins
  6 hobgoblins
  2 quokkas
  A ball python (D:2)
  8 bats
  A frilled lizard (D:2)
  6 kobolds
  8 rats
70 creatures vanquished.

Vanquished Creatures (others)
  A shadow imp (D:6)
1 creature vanquished.

Grand Total: 71 creatures vanquished

Notes
Turn   | Place    | Note
-------+----------+-------------------------------------------
     0 | D:1      | BritishOli the Demonspawn Fighter began the quest for the
                  | Orb.
     0 | D:1      | Reached XP level 1. HP: 18/18 MP: 1/1
    98 | D:1      | Gained mutation: Your demonic aura sometimes causes spilled
                  | blood to erupt in flames. [demonic ancestry]
    98 | D:1      | Reached XP level 2. HP: 22/24 MP: 2/2
   114 | D:1      | Found a faded altar of an unknown god.
   689 | D:2      | Reached XP level 3. HP: 29/29 MP: 3/3
   921 | D:2      | Noticed Terence
   934 | D:2      | Killed Terence
   996 | D:2      | Found an ornate altar of the Wu Jian Council.
  1435 | D:3      | Gained mutation: You are partially covered in thin metallic
                  | scales. (AC +2) [demonic ancestry]
  1435 | D:3      | Reached XP level 4. HP: 35/37 MP: 4/4
  2057 | D:4      | Reached skill level 4 in Fighting
  2521 | D:5      | Entered Level 5 of the Dungeon
  2521 | D:5      | Noticed a black bear
  2524 | D:5      | Noticed a scorpion
  2607 | D:5      | Noticed a phantom
  2616 | D:4      | Killed a scorpion
  2617 | D:4      | Gained mutation: You are mostly covered in thin metallic
                  | scales. (AC +3) [demonic ancestry]
  2617 | D:4      | Reached XP level 5. HP: 25/43 MP: 5/5
  2619 | D:4      | Killed a phantom
  2690 | D:5      | Reached skill level 5 in Fighting
  2690 | D:5      | Reached XP level 6. HP: 34/51 MP: 6/6
  3062 | D:5      | Reached skill level 5 in Axes
  3062 | D:5      | Gained mutation: Your demonic aura often causes spilled
                  | blood to erupt in flames. [demonic ancestry]
  3062 | D:5      | Reached XP level 7. HP: 44/57 MP: 7/7
  3176 | D:5      | Reached skill level 6 in Fighting
  3557 | D:6      | Noticed a steam dragon
  3558 | D:6      | Noticed Jeremiah
  3564 | D:6      | Killed a steam dragon
  3565 | D:6      | HP: 2/59 [kobold brigand/+0 club (3)]
  3566 | D:6      | Engulfed by a cloud of steam

Illustrated notes

Levels and vault maps discovered:
D:1:      kennysheep_arrival_forest, layout_rooms, serial_glass,
          glass_columns_a, glass_columns_c, basic_ecumenical_altar,
          chequers_serial_rivers_room_b
D:2:      layout_loops_ring, basic_altar, uniq_terence
D:3:      layout_basic
D:4:      layout_basic
D:5:      dreamdust_elfheim, layout_cave_pools, serial_park_tiny_pond,
          nicolae_figureground_sparkle
D:6:      layout_loops_cross, uniq_jeremiah

Skill      XL: |  1  2  3  4  5  6  7 |
---------------+----------------------+-----
Axes           | 2 3 4 5 |  5.6
Armour         | 3 |  3.0
Shields        | 3 |  3.0
Fighting       | 4 5 6 |  6.6

Action                     |  1- 3 |  4- 6 |  7- 9 || total
---------------------------+-------+-------+-------++-------
  Melee: War axe           |    98 |   106 |    17 ||   221
    Use: Potion            |       |       |     1 ||     1
 Armour: Scale mail        |    50 |       |       ||    50
         Plate armour      |       |    94 |    14 ||   108
  Dodge: Dodged            |    41 |    36 |     7 ||    84
  Block: Buckler           |    20 |    23 |     6 ||    49

Table legend: (Time is in decaauts)
 A = Elapsed time spent in this place.
 B = Non-inter-level travel time spent in this place.
 C = Inter-level travel time spent in this place.
 D = Time resting spent in this place.
 E = Time spent auto-exploring this place.
 F = Levels seen in this place.
 G = Mean time per level.
                   A        B        C        D        E       F      G
               +--------+--------+--------+--------+--------+-----+--------+
         Total |   3649 |   3459 |    190 |    199 |   2678 |   6 |  608.2 |
       Dungeon |   3649 |   3459 |    190 |    199 |   2678 |   6 |  608.2 |
               +--------+--------+--------+--------+--------+-----+--------+

Top non-repeatable levels by time:
     D:5: 870 daAuts
     D:3: 812 daAuts
     D:2: 763 daAuts
     D:4: 665 daAuts
     D:1: 501 daAuts
     D:6: 37 daAuts
